 Dungeon Crawl Stone Soup version 0.27.1-4-g1640c2035a (webtiles) character file.

Game seed: 1902821676003425893

2905 Crownlay the Geomancer (level 9, 0/54 HPs)
             Began as a Gargoyle Earth Elementalist on Nov 4, 2021.
             Was a Believer of Vehumet.
             Slain by Harold (7 damage)
             ... on level 7 of the Dungeon.
             The game lasted 00:22:49 (9420 turns).

Crownlay the Geomancer (GrEE)                       Turns: 9420, Time: 00:22:50

Health: 0/54       AC: 13    Str: 12    XL:     9   Next: 78%
Magic:  3/21       EV: 11    Int: 19    God:    Vehumet [**....]
Gold:   456        SH:  0    Dex: 10    Spells: 20/24 levels left

rFire    . . .     SeeInvis .   w - +5 dire flail
rCold    . . .     Faith    .   (shield currently unavailable)
rNeg     + . .     Spirit   .   t - +2 robe {Will+}
rPois    ∞         Reflect  .   o - +0 helmet
rElec    +         Harm     .   x - +1 cloak
rCorr    .         Rampage  .   (no gloves)
Will     +....                  (no boots)
Stlth    ++........             (no amulet)
HPRegen  0.18/turn              (no ring)
MPRegen  0.17/turn              (no ring)

@: marked
A: sickness immunity, AC +6, negative energy resistance 1, electricity
resistance, torment resistance 1, petrification resistance
a: Renounce Religion


You were on level 7 of the Dungeon.
You worshipped Vehumet.
Vehumet was pleased with you.
You visited 1 branch of the dungeon, and saw 7 of its levels.

You collected 456 gold pieces.

Inventory:

Hand Weapons
 m - a +6 dagger
 w - a +5 dire flail (weapon)
Missiles
 c - 29 stones
 n - a curare-tipped dart
Armour
 o - a +0 helmet (worn)
 t - a +2 robe of willpower (worn)
 x - a +1 cloak (worn)
Scrolls
 a - 2 scrolls of vulnerability {unknown}
 b - a scroll of holy word {unknown}
 d - a scroll of immolation {unknown}
 f - a scroll of enchant armour {unknown}
 g - a scroll of magic mapping {unknown}
 i - a scroll of brand weapon {unknown}
 j - 2 scrolls of blinking {unknown}
 k - a scroll of acquirement {unknown}
 u - a scroll of enchant weapon {unknown}
 v - a scroll of amnesia {unknown}
Potions
 e - a potion of lignification {unknown}
 h - 3 potions of cancellation {unknown}
 l - a potion of curing
 p - 2 potions of berserk rage {unknown}
 q - a potion of ambrosia {unknown}
 r - a potion of might {unknown}
 s - a potion of degeneration {unknown}


   Skills:
 + Level 5.2 Fighting
 - Level 1.5 Dodging
 - Level 2.1 Stealth
 - Level 8.0 Spellcasting
 + Level 1.2 Conjurations
 - Level 0.7 Transmutations
 * Level 11.0 Earth Magic


You had 20 spell levels left.
You knew the following spells:

 Your Spells              Type           Power      Damage    Failure   Level
a - Sandblast             Erth           98%        2d20      1%          1
b - Stone Arrow           Conj/Erth      60%        3d10      2%          3

Your spell library contained the following spells:

 Spells                   Type           Power      Damage    Failure   Level
 Static Discharge         Conj/Air       10%        N/A       11%         2
 Passwall                 Tmut/Erth      24%        N/A       1%          2
 Shock                    Conj/Air       40%        1d5       7%          1
 Petrify                  Tmut/Erth      29%        N/A       9%          4
 Corpse Rot               Necr/Air       N/A        N/A       14%         2
 Poisonous Vapours        Pois/Air       14%        N/A       14%         2
 Slow                     Hex            7%         N/A       14%         2
 Confusing Touch          Hex            7%         N/A       26%         3
 Gell's Gravitas          Tloc           3%         N/A       26%         3
 Lesser Beckoning         Tloc           3%         N/A       26%         3
 Swiftness                Air            7%         N/A       26%         3
 Teleport Other           Tloc           7%         N/A       26%         3
 Vampiric Draining        Necr           3%         2d6       26%         3
 Airstrike                Air            3%         N/A       65%         4
 Freezing Cloud           Conj/Ice/Air   4%         6-21      91%         5


Dungeon Overview and Level Annotations

Branches:
Dungeon (7/15)
 Temple: D:4-7

Altars:
Ashenzari
Fedhas
Gozag
Hepliaklqana
Qazlal
Vehumet

Annotations:
D:3 1 runed translucent door
D:7 Harold


Innate Abilities, Weirdness & Mutations

You are immune to sickness and miasma.
Your stone body is resilient. (AC +6)
You are immune to poison.
You resist negative energy. (rN+)
You are resistant to electric shocks. (rElec)
You are resistant to unholy torment.
You are immune to petrification.


Message History

The mark upon you grows brighter.
You close the door.
There is an open door here.
You close the door.
A jelly comes into view.
There is an open door here.
Something unseen opens the door.
Casting: Sandblast (safe; 1% risk of failure)
Confirm with . or Enter, or press ? or * to list all spells.
Aiming: Stone Arrow (dangerous; 2% risk of failure)
Press: ? - help, Shift-Dir - straight line, f - jelly
Aim: a jelly (100% to hit)
The stone arrow hits the jelly!
The jelly is severely wounded.
Casting: Stone Arrow (dangerous; 2% risk of failure)
Confirm with . or Enter, or press ? or * to list all spells.
Aiming: Sandblast (safe; 1% risk of failure)
Press: ? - help, Shift-Dir - straight line, f/p - jelly
Aim: a jelly (severely wounded, 100% to hit)
The blast of sand hits the jelly!!
You kill the jelly!
Vehumet accepts your kill.
Vehumet offers you knowledge of Static Discharge.
You feel your power returning.
Your Earth Magic skill increases to level 11!
Harold fires a harpoon shot at you. The harpoon shot hits you.
* * * LOW HITPOINT WARNING * * *
You are yanked forward by the harpoon shot.
Casting: Sandblast (safe; 1% risk of failure)
Confirm with . or Enter, or press ? or * to list all spells.
Aiming: Sandblast (safe; 1% risk of failure)
Press: ? - help, Shift-Dir - straight line, f - Harold
Aim: Harold, wielding a +0 hand axe and wearing a +4 ring mail of poison resistance (heavily wounded, 90% to hit)
The blast of sand hits Harold but does no damage.
Harold is heavily wounded.
Harold hits you with a +0 hand axe!
* * * LOW HITPOINT WARNING * * *
You feel better. Harold hits you with a +0 hand axe!
You die...

........ ..........
#.#..##..... #...## ....
######## #.#.# # ... #......#
###'###'###'### #.####.#
#..#.......#..#####.# #.#
#)@#.......#..##....# #.#
'..'###'###'..'@@...# #<#
#(@#.+...'.#..#.....####<##.
#..#.#...#.#..#.##........>.#
+##'.#._.#.@##+.########.####
#..#.#...#.#..#.# #.#
#..#.+...+.#..#.# #.#
'..'###'###+(.+.# #..
#..#.....@.#..### ...
#..#.......#@.# ..#


You could see Harold.

Vanquished Creatures
  Pikel (D:3)
  Prince Ribbit (D:7)
  A wyvern (D:5)
  Duvessa (D:7)
  A water moccasin (D:6)
  An ice beast (D:7)
  The ghost of Garym the Skirmisher, an amateur MiFi (D:3)
  2 necrophages
  2 ogres (D:6)
  2 kobold brigands
  2 bullfrogs
  A scorpion (D:7)
  Dowan (D:7)
  2 howler monkeys
  4 wights (D:6)
  2 bullfrog zombies
  2 hounds (D:6)
  4 orc priests
  2 jellies (D:7)
  4 iguanas
  4 orc wizards (D:6)
  A killer bee zombie (D:5)
  A hound zombie (D:5)
  A hound skeleton (D:5)
  A howler monkey skeleton (D:5)
  3 gnolls (D:5)
  7 adders
  A river rat (D:3)
  A shadow imp (D:5)
  An ufetubus (D:5)
  A worm (D:3)
  2 dart slugs
  15 orcs
  6 bats
  6 endoplasms
  5 giant cockroaches
  7 goblins
  5 hobgoblins
  17 kobolds
  7 quokkas
  4 ball pythons
  A frilled lizard (D:2)
  3 rats
137 creatures vanquished.

Notes
Turn   | Place    | Note
-------+----------+-------------------------------------------
     0 | D:1      | Crownlay the Gargoyle Earth Elementalist began the quest
                  | for the Orb.
     0 | D:1      | Reached XP level 1. HP: 10/10 MP: 3/3
   241 | D:1      | Reached XP level 2. HP: 15/15 MP: 3/5
   642 | D:1      | Found a faded altar of an unknown god.
   653 | D:1      | Reached skill level 4 in Earth Magic
   979 | D:2      | Reached XP level 3. HP: 18/19 MP: 2/7
   991 | D:2      | Learned a level 3 spell: Stone Arrow
  1091 | D:2      | Found a radiant altar of Vehumet.
  1100 | D:2      | Became a worshipper of Vehumet
  1316 | D:2      | You fall into a shaft and drop 2 floors!
  1575 | D:3      | Reached XP level 4. HP: 23/24 MP: 7/9
  2696 | D:3      | Found a broken altar of Ashenzari.
  2754 | D:3      | Noticed a kobold brigand
  2768 | D:3      | Killed a kobold brigand
  2769 | D:3      | Reached skill level 5 in Earth Magic
  2769 | D:3      | Reached XP level 5. HP: 23/28 MP: 3/11
  2866 | D:3      | Found a runed translucent door.
  2871 | D:3      | Noticed Garym's ghost (amateur MiFi)
  2881 | D:3      | Reached * piety under Vehumet
  2881 | D:3      | Offered knowledge of Magic Dart by Vehumet.
  3068 | D:3      | Found a runed translucent door.
  3987 | D:4      | Found a stormy altar of Qazlal.
  4029 | D:4      | Noticed a necrophage
  4033 | D:4      | Killed a necrophage
  4034 | D:4      | Reached XP level 6. HP: 32/32 MP: 7/13
  4360 | D:4      | Reached skill level 5 in Spellcasting
  4596 | D:4      | Noticed Pikel
  5704 | D:3      | Killed Pikel
  5705 | D:3      | Reached skill level 6 in Earth Magic
  5705 | D:3      | Reached XP level 7. HP: 20/36 MP: 1/16
  5935 | D:3      | Killed Garym's ghost
  5936 | D:3      | Reached skill level 7 in Earth Magic
  5936 | D:3      | Reached XP level 8. HP: 19/41 MP: 1/18
  6251 | D:5      | Entered Level 5 of the Dungeon
  7262 | D:5      | Noticed a wyvern
  7271 | D:5      | Killed a wyvern
  7274 | D:5      | Reached skill level 1 in Fighting
  7638 | D:6      | Reached skill level 8 in Earth Magic
  7819 | D:6      | Offered knowledge of Searing Ray by Vehumet.
  7820 | D:6      | Reached XP level 9. HP: 51/51 MP: 9/21
  7916 | D:6      | Reached ** piety under Vehumet
  7917 | D:6      | Reached skill level 9 in Earth Magic
  8518 | D:6      | Reached skill level 10 in Earth Magic
  8871 | D:6      | Found a hazy altar of Hepliaklqana.
  9035 | D:7      | Found a blossoming altar of Fedhas.
  9098 | D:7      | Noticed Prince Ribbit
  9099 | D:7      | Found an opulent altar of Gozag.
  9117 | D:7      | Killed Prince Ribbit
  9118 | D:7      | Reached skill level 5 in Fighting
  9282 | D:7      | Noticed Harold
  9297 | D:7      | Noticed Duvessa
  9305 | D:7      | Noticed Dowan
  9308 | D:7      | Killed Dowan
  9314 | D:7      | Killed Duvessa
  9315 | D:7      | Reached skill level 1 in Conjurations
  9414 | D:7      | Offered knowledge of Static Discharge by Vehumet.
  9415 | D:7      | Reached skill level 11 in Earth Magic
  9419 | D:7      | HP: 2/54 [Harold (8)]
  9420 | D:7      | Slain by Harold

Illustrated notes

Levels and vault maps discovered:
D:1:      dpeg_arrival_stonehenge_12_columns, layout_loops_ring,
          chequers_ecumenical_altar_island, amethyst_killhole
D:2:      layout_basic, basic_altar, amcnicky_mini_pool_small,
          serial_park_tiny_pond
D:3:      layout_loops_corners, amcnicky_altar_gilded, ebering_ghost_sewer_f
D:4:      layout_loops_ring, grunt_qazlal_clouds, uniq_pikel
D:5:      layout_layer_cave
D:6:      layout_rooms, kennysheep_mini_moat, amcnicky_mini_corridor_feature,
          kennysheep_crisscross
D:7:      layout_basic, mainiacjoe_overflow_cross_hatched,
          yredelemnul_forgotten_temple_becter, mainiacjoe_overflow_24_doors,
          mainiacjoe_overflow_chevrons, lemuel_tele_altar,
          minmay_temple_entry_mini_moons, uniq_prince_ribbit1, uniq_duvessa,
          uniq_joseph, uniq_harold

Skill      XL: |  1  2  3  4  5  6  7  8  9 |
---------------+----------------------------+-----
Earth Magic    | 4 5 6 7 8 11 | 11.0
Spellcasting   | 3 4 6 7 8 |  8.0
Fighting       | 3 5 |  5.2
Conjurations   | 1 |  1.2
Dodging        | |  1.5
Stealth        | |  2.1
Transmutations | |  0.7

Action                   |  1- 3 |  4- 6 |  7- 9 || total
-------------------------+-------+-------+-------++-------
Melee: Unarmed           |    10 |       |       ||    10
       Dagger            |    52 |    36 |       ||    88
       Long sword        |       |    63 |    17 ||    80
       Dire flail        |       |       |     2 ||     2
 Cast: Sandblast         |    20 |    58 |    88 ||   166
       Stone Arrow       |       |     8 |    83 ||    91
  Use: Potion            |       |       |     2 ||     2
 Stab: Sleeping          |     7 |     6 |       ||    13
Armor: Robe              |    30 |    52 |    36 ||   118
Dodge: Dodged            |    42 |    71 |    50 ||   163
       Rpst.: Long sword |       |    19 |    12 ||    31
